 Dungeon Crawl Stone Soup version 0.31-a0-1-g4198be8af4 (webtiles) character file.

Game seed: 2131271774303823309

51 subawu the Magician (level 4, -4/31 HPs)
             Began as a Djinni Fire Elementalist on May 2, 2023.
             Slain by a gnoll
             ... wielding a +0 spear
              (5 damage)
             ... on level 2 of the Dungeon.
             The game lasted 00:08:25 (1743 turns).

subawu the Magician (Djinni Fire Elementalist)      Turns: 1743, Time: 00:08:27

Health: -4/31      AC:  3    Str:  9    XL:     4   Next: 5%
Gold:   121        EV: 18    Int: 16    God:
                   SH:  0    Dex: 20

rFire   + + .        d - +0 glaive
rCold   x . .        (shield currently unavailable)
rNeg    . . .        a - +1 robe
rPois   ∞            (no helmet)
rElec   .            (no cloak)
rCorr   .            (no gloves)
SInv    .            (boots unavailable)
Will    .....        (no amulet)
Stlth   ++           f - +5 ring of evasion
HPRegen 0.25/turn    n - +6 ring of dexterity
MPRegen 0.00/turn

%: infuse magic (-5 HP)
@: flying
A: sickness immunity, fire resistance 2, cold vulnerability 1, float, innate
caster, HP casting, extra vitality 1
a: no special abilities


You were on level 2 of the Dungeon.
You visited 1 branch of the dungeon, and saw 2 of its levels.

You collected 121 gold pieces.

Inventory:

Hand Weapons
 b - a +0 club
 d - a +0 glaive (weapon)
 e - a +0 whip
Armour
 a - a +1 robe (worn)
 c - a +0 ring mail
 l - a +0 robe
 q - the +1 tower shield "Asealotz" {rPois Dex-2 Slay+3}
   (You found it on level 2 of the Dungeon)

   Dex:       It affects your dexterity (-2).
   Slay:      It affects your accuracy & damage with ranged weapons and melee
   (+3).
   rPois:     It protects you from poison.
Magical Staves
 j - a staff of air
Jewellery
 f - a +5 ring of evasion (left hand)
 n - a +6 ring of dexterity (right hand)
Scrolls
 g - 3 scrolls of teleportation
 k - a scroll of enchant armour
 r - a scroll of brand weapon {unknown}
Potions
 h - a potion of flight {unknown}
 i - a potion of degeneration {unknown}
 m - a potion of curing {unknown}
 o - a potion of brilliance {unknown}
 p - a potion of haste


   Skills:
 + Level 0.4 Fighting
 + Level 1.0 Polearms
 + Level 2.6 Dodging
 + Level 1.9 Stealth
 + Level 3.0 Spellcasting


You knew the following spells:

 Your Spells              Type           Power      Damage    Failure   Level
a - Foxfire               Conj/Fire      48%        2x1d6     5%          1
b - Scorch                Fire           24%        2d6       9%          2
c - Volatile Blastmotes   Fire/Tloc      24%        2d12      16%         3
d - Inner Flame           Hex/Fire       12%        N/A       16%         3
e - Flame Wave            Conj/Fire      12%        2d6       47%         4
f - Sting                 Tmut/Pois      48%        1d5       5%          1
Your spell library was empty.

Dungeon Overview and Level Annotations

Branches:
Dungeon (2/15)

Altars:


Innate Abilities, Weirdness & Mutations

You are immune to sickness and miasma.
You are immune to poison.
Your flesh is very heat resistant. (rF++)
You are vulnerable to cold. (rC-)
You float through the air rather than walking.
You learn spells naturally, not from books.
Your magical power is your life essence.
You have superior vitality. (+4 MHP)


Message History

You slash the adder!
The adder is severely wounded.
The adder closely misses you. The adder misses you.
You slash the adder!
You kill the adder!
The giant cockroach barely misses you.
Your Polearms skill increases to level 1!
You have reached level 4!
You feel agile.
You hit the giant cockroach but do no damage.
The giant cockroach barely misses you. The giant cockroach misses you.
You barely miss the giant cockroach. The giant cockroach closely misses you.
The gnoll barely misses you. The giant cockroach misses you.
The gnoll hits you from afar with a +0 spear!
You hit the giant cockroach.
The giant cockroach is heavily wounded.
The giant cockroach misses you. The gnoll completely misses you.
The giant cockroach bites you but does no damage.
You hit the giant cockroach.
You kill the giant cockroach!
The gnoll hits you from afar with a +0 spear.
The gnoll completely misses you. The gnoll hits you with a +0 club.
The gnoll hits you with a +0 whip. The gnoll hits you with a +0 spear.
* * * LOW HITPOINT WARNING * * *
You see here an adder corpse.
You slash the gnoll!
The gnoll is almost dead.
The gnoll closely misses you. x2; The gnoll misses you.
The gnoll completely misses you. The gnoll closely misses you.
The gnoll hits you with a +0 spear.
* * * LOW HITPOINT WARNING * * *
Casting: Foxfire (safe; 5% risk of failure)
Confirm with . or Enter, or press ? or * to list all spells.
Flames lash the gnoll.
The gnoll is heavily wounded.
The gnoll's fire resistance burns away.
* * * LOW HITPOINT WARNING * * *
The gnoll misses you. x2; The gnoll hits you with a +0 spear.
You die...

##########
#....
##.<....... ..
#.##.
#..##..#### #.
#.##.
##.#...######.#
#.##.
.......... ....
#.##.
########## ...#
#.##. # #.g##
#.##. #gg#
#.### #@## #.#
#.g# #.# ##.##
#.# #..# #.#
#..# #.# #..##
#.#
#...#########.#
#.#...........#
#.#.###########


You could see 4 gnolls.

Vanquished Creatures
  A gnoll (D:1)
  An adder (D:2)
  6 endoplasms
  A giant cockroach (D:2)
  4 goblins (D:1)
  3 hobgoblins
  A kobold (D:1)
  3 quokkas (D:1)
  2 ball pythons (D:1)
  A bat (D:1)
  2 frilled lizards (D:1)
  5 rats
30 creatures vanquished.

Vanquished Creatures (others)
  3 foxfires (D:1)
  7 toadstools (D:2)
10 creatures vanquished.

Grand Total: 40 creatures vanquished

Notes
Turn   | Place    | Note
-------+----------+-------------------------------------------
     0 | D:1      | subawu the Djinni Fire Elementalist began the quest for the
                  | Orb.
     0 | D:1      | subawu set off with the following spells memorised:
                  | Foxfire, Scorch, Volatile Blastmotes, Inner Flame, Flame
                  | Wave.
     0 | D:1      | Reached XP level 1. HP: 15/15 MP: 0/0
   194 | D:1      | Reached XP level 2. HP: 3/21 MP: 0/0
   493 | D:1      | Reached XP level 3. HP: 19/26 MP: 0/0
   493 | D:1      | Learned a level 1 spell: Sting
   852 | D:1      | Reached skill level 3 in Spellcasting
  1590 | D:2      | Identified the +1 tower shield "Asealotz" {rPois Dex-2
                  | Slay+3}
  1737 | D:2      | Reached skill level 1 in Polearms
  1737 | D:2      | Reached XP level 4. HP: 31/31 MP: 0/0
  1743 | D:2      | Slain by a gnoll

Illustrated notes

Levels and vault maps discovered:
D:1:      dpeg_arrival_erosion, layout_loops_ring
D:2:      cheibrodos_fertilizer, layout_loops_ring,
          hellmonk_ecumenical_altar_pennies_from_heaven,
          minmay_large_rounded_square

Skill      XL: |  1  2  3 |
---------------+----------+-----
Spellcasting   | 3 |  3.0
Polearms       | 1 |  1.0
Fighting       | |  0.4
Dodging        | |  2.6
Stealth        | |  1.9

Action                     |  1- 3 |  4- 6 || total
---------------------------+-------+-------++-------
  Melee: Glaive            |    72 |     5 ||    77
   Cast: Scorch            |     2 |     1 ||     3
         Foxfire           |     2 |       ||     2
         Sting             |     1 |       ||     1
    Use: Scroll            |     2 |       ||     2
         Potion            |     1 |       ||     1
   Stab: Sleeping          |     4 |       ||     4
 Armour: Robe              |    11 |     1 ||    12
  Dodge: Dodged            |   104 |    15 ||   119

Table legend: (Time is in decaauts)
 A = Elapsed time spent in this place.
 B = Non-inter-level travel time spent in this place.
 C = Inter-level travel time spent in this place.
 D = Time resting spent in this place.
 E = Time spent auto-exploring this place.
 F = Levels seen in this place.
 G = Mean time per level.
                   A        B        C        D        E       F      G
               +--------+--------+--------+--------+--------+-----+--------+
         Total |   1777 |   1680 |     97 |    210 |      0 |   2 |  888.5 |
       Dungeon |   1777 |   1680 |     97 |    210 |      0 |   2 |  888.5 |
               +--------+--------+--------+--------+--------+-----+--------+

Top non-repeatable levels by time:
     D:1: 1313 daAuts
     D:2: 463 daAuts
